 Dungeon Crawl Stone Soup version 0.30.0-29-ga12c61a403 (webtiles) character file.

Game seed: 8876707326651700914

98 McKennaii the Trooper (level 4, -3/37 HPs)
             Began as a Demonspawn Fighter on June 3, 2023.
             Slain by a cerulean imp
             ... wielding a +1 spear
             ... summoned by Natasha
              (5 damage)
             ... on level 2 of the Dungeon.
             The game lasted 00:01:57 (1228 turns).

McKennaii the Trooper (Demonspawn Fighter)          Turns: 1228, Time: 00:01:58

Health: -3/37      AC:  6    Str: 16    XL:     4   Next: 44%
Magic:  4/4        EV:  8    Int: 12    God:
Gold:   83         SH:  4    Dex: 12    Spells: 3/3 levels left

rFire   . . .        a - +0 trident
rCold   . . .        c - +0 buckler
rNeg    . . .        b - +0 scale mail
rPois   +            (no helmet)
rElec   .            (no cloak)
rCorr   .            (no gloves)
SInv    .            (no boots)
Will    .....        (no amulet) Stlth
                     n - ring of poison resistance
HPRegen 0.26/turn    (no ring)
MPRegen 0.18/turn

%: no passive effects
@: no status effects
A: magic regeneration, demonic magic 1
a: no special abilities


You were on level 2 of the Dungeon.
You visited 1 branch of the dungeon, and saw 2 of its levels.

You collected 83 gold pieces.

Inventory:

Hand Weapons
 a - a +0 trident (weapon)
Armour
 b - a +0 scale mail (worn)
 c - a +0 buckler (worn)
Jewellery
 n - a ring of poison resistance (left hand)
Scrolls
 f - a scroll of amnesia {unknown}
 g - a scroll of silence {unknown}
 h - 3 scrolls of identify {unknown}
 i - 2 scrolls of enchant weapon {unknown}
 j - a scroll of fog {unknown}
 m - 2 scrolls of immolation {unknown}
 p - a scroll of poison {unknown}
 s - a scroll of acquirement {unknown}
Potions
 d - a potion of might
 e - a potion of flight {unknown}
 k - a potion of curing {unknown}
 l - a potion of ambrosia {unknown}
 o - a potion of haste {unknown}
 q - a potion of lignification {unknown}
 r - a potion of mutation {unknown}


   Skills:
 + Level 3.8 Fighting
 + Level 2.7 Polearms
 + Level 3.4 Armour
 - Level 3.0 Shields


You had 3 spell levels left.
You didn't know any spells.
Your spell library contained the following spells:

 Spells                   Type           Power      Damage    Failure   Level
 Scorch                   Fire           0%         2d5       92%         2
 Ozocubu's Armour         Ice            0%         N/A       99%         3
 Flame Wave               Conj/Fire      0%         2d4       100%        4
 Summon Cactus Giant      Summ           0%         N/A       100%        6
 Ozocubu's Refrigeration  Ice            0%         4d7       100%        7


Dungeon Overview and Level Annotations

Branches:
Dungeon (2/15)

Altars:

Annotations:
D:2 Natasha


Innate Abilities, Weirdness & Mutations

You regenerate magic rapidly.
Spells you cast may paralyse adjacent enemies.


Message History

You closely miss Natasha.
Natasha is severely wounded.
Natasha barely misses you.
The cerulean imp hits you but does no damage.
You hit Natasha but do no damage.
Natasha is heavily wounded.
Natasha claws you.
The cerulean imp hits you with a +1 spear.
You closely miss Natasha.
Natasha is heavily wounded.
Natasha stares at you and mumbles some strange words.
The magic dart hits you.
* * * LOW HITPOINT WARNING * * *
The cerulean imp hits you but does no damage.
Natasha mumbles some strange words.
You completely miss Natasha.
Natasha is heavily wounded.
The cerulean imp hits you but does no damage.
You block the cerulean imp's attack. Natasha claws you but does no damage.
The cerulean imp hits you with a +1 spear.
* * * LOW HITPOINT WARNING * * *
Unknown command.
You completely miss Natasha.
Natasha is heavily wounded.
The cerulean imp hits you but does no damage.
Natasha claws you but does no damage.
The cerulean imp hits you but does no damage.
Unknown command.
You hit Natasha.
Natasha is severely wounded.
Natasha claws you but does no damage.
The cerulean imp hits you with a +1 spear.
* * * LOW HITPOINT WARNING * * *
The cerulean imp barely misses you.
You hit Natasha.
Natasha is almost dead.
The cerulean imp barely misses you.
Natasha mumbles some strange words.
The cerulean imp hits you with a +1 spear.
You die...

.>.......###.......#.#...#.######
.........###.#####.#.#.#.#.# #
.............#.....#.#.#.#.# #
.....)...#####.(.........#.# #
#.##...#.# #...........#.# #
.......#.# ...........#.######
.......#.# #...<.............#
....##.#.######..5.......#.####.#
..<....#.......5@h.........# #
..####....#####..5......#### #
.........รท...............#
..#######.#####..........#
...........# ##########.#
#########..# #.# #########..##
#.##### ............# #.....#
###..######.# #.....#


You could see Natasha and 3 cerulean imps.

Vanquished Creatures
  Natasha (twice) (D:2)
  2 dart slugs (D:2)
  2 bats (D:1)
  5 endoplasms
  4 giant cockroaches
  2 goblins
  4 hobgoblins
  5 jackals
  3 quokkas (D:1)
  3 ball pythons
  3 frilled lizards
  3 kobolds
  3 rats
41 creatures vanquished.

Notes
Turn   | Place    | Note
-------+----------+-------------------------------------------
     0 | D:1      | McKennaii the Demonspawn Fighter began the quest for the
                  | Orb.
     0 | D:1      | Reached XP level 1. HP: 18/18 MP: 1/1
   225 | D:1      | Gained mutation: Spells you cast may paralyse adjacent
                  | enemies. [demonic ancestry]
   225 | D:1      | Reached XP level 2. HP: 24/24 MP: 2/2
   645 | D:2      | Reached XP level 3. HP: 24/29 MP: 3/3
   811 | D:2      | Noticed Natasha
   816 | D:2      | Killed Natasha
   992 | D:2      | Noticed Natasha
   994 | D:2      | Gained mutation: You regenerate magic rapidly. [demonic
                  | ancestry]
   994 | D:2      | Reached XP level 4. HP: 36/36 MP: 4/4
  1005 | D:2      | Killed Natasha
  1207 | D:2      | Noticed Natasha
  1228 | D:2      | Slain by a cerulean imp

Illustrated notes

Levels and vault maps discovered:
D:1:      dpeg_arrival_yet_another_circle, layout_basic
D:2:      layout_basic, dilly_ecumenical_altar_fadedgnrine, st_stairs_6,
          minmay_cut_off, uniq_jessica, uniq_natasha

Skill      XL: |  1  2 |
---------------+-------+-----
Polearms       | 2 |  2.7
Armour         | 3 |  3.4
Shields        | 3 |  3.0
Fighting       | |  3.8

Action                     |  1- 3 |  4- 6 || total
---------------------------+-------+-------++-------
  Melee: Trident           |   101 |    44 ||   145
 Armour: Scale mail        |    52 |    15 ||    67
  Dodge: Dodged            |    34 |    16 ||    50
  Block: Buckler           |    19 |    11 ||    30
